 Dungeon Crawl Stone Soup version 0.29.1-4-g47bece8355 (webtiles) character file.

Game seed: 16342297574018612716

17791 Gabide the Grappler (level 12, 0/130 (132) HPs)
             Began as a Troll Monk on Dec 6, 2022.
             Was an Elder of Sif Muna.
             Slain by a seven-headed hydra (5 damage)
             ... on level 2 of the Lair of Beasts.
             The game lasted 00:21:57 (8476 turns).

Gabide the Grappler (Troll Monk)                    Turns: 8476, Time: 00:21:58

HP:   0/130 (132)   AC: 14    Str: 28    XL:     12   Next: 22%
MP:   14/14         EV: 12    Int: 13    God:    Sif Muna [****..]
Gold: 643           SH:  0    Dex: 12    Spells: 11/11 levels left

rFire   . . .      SeeInvis .   y - +2 war axe (flame)
rCold   + . .      Faith    .   (no shield)
rNeg    . . .      Spirit   .   H - +0 steam dragon scales
rPois   +          Reflect  .   (helmet restricted)
rElec   .          Harm     .   B - +2 cloak
rCorr   .          Rampage  .   (gloves unavailable)
Will    .....                   (boots unavailable)
Stlth   ++........              u - amulet of regeneration
HPRegen 1.91/turn               h - +4 ring of protection
MPRegen 0.14/turn               d - ring "Simeh" {Drain rPois rC+ Str+6 Int+3}

@: lightly drained
A: large, unfitting armour, claws 3, regeneration 1, shaggy fur 1, tough skin 1
a: Renounce Religion, Channel Magic, Forget Spell, Divine Exegesis


You were on level 2 of the Lair of Beasts.
You worshipped Sif Muna.
Sif Muna was greatly pleased with you.
You visited 3 branches of the dungeon, and saw 12 of its levels.
You also visited: Sewer and Bailey.

You collected 643 gold pieces.

Inventory:

Hand Weapons
 a - a +3 triple crossbow of flaming
 g - a +1 triple sword of venom
 y - a +2 war axe of flaming (weapon)
Missiles
 v - a throwing net (quivered)
 E - 2 datura-tipped darts
Armour
 B - a +2 cloak (worn)
 H - +0 steam dragon scales (worn)
Jewellery
 d - the ring "Simeh" (right claw) {Drain rPois rC+ Str+6 Int+3}
   (You acquired it on level 3 of the Dungeon)

   [ring of strength]

   Str:       It affects your strength (+6).
   Int:       It affects your intelligence (+3).
   rC:        It protects you from cold.
   rPois:     It protects you from poison.
   Drain:     It drains your maximum health when unequipped.
 h - a +4 ring of protection (left claw)
 u - an amulet of regeneration (around neck)
 F - a +4 ring of evasion
 G - an amulet of faith
 L - a ring of wizardry
Wands
 r - a wand of paralysis (5)
 D - a wand of digging (3)
Scrolls
 c - 2 scrolls of fog
 l - a scroll of magic mapping
 m - 3 scrolls of blinking
 o - a scroll of summoning {unknown}
 s - 2 scrolls of teleportation
 t - a scroll of torment {unknown}
 x - a scroll of immolation {unknown}
 C - 4 scrolls of silence
 J - a scroll of poison
 K - 2 scrolls of vulnerability {unknown}
Potions
 b - a potion of ambrosia
 e - 6 potions of curing
 f - 2 potions of heal wounds
 i - 2 potions of invisibility
 j - 3 potions of mutation
 k - 2 potions of brilliance
 n - 2 potions of haste {unknown}
 p - a potion of degeneration {unknown}
 q - a potion of cancellation {unknown}
 w - a potion of flight {unknown}
 z - 2 potions of might {unknown}
 A - 2 potions of magic {unknown}
 I - 2 potions of lignification {unknown}


   Skills:
 - Level 12.0 Fighting
 - Level 8.0 Dodging
 - Level 1.0 Stealth
 - Level 12.0 Unarmed Combat
 + Level 4.1 Invocations


You had 11 spell levels left.
You didn't know any spells.
Your spell library contained the following spells:

 Spells                   Type           Power      Damage    Failure   Level
 Freeze                   Ice            0%         1d3       30%         1
 Shock                    Conj/Air       0%         1d3       30%         1
 Summon Small Mammal      Summ           0%         N/A       30%         1
 Ensorcelled Hibernation  Hex/Ice        0%         N/A       43%         2
 Scorch                   Fire           0%         2d5       43%         2
 Call Canine Familiar     Summ           0%         N/A       67%         3
 Conjure Flame            Conj/Fire      0%         6-21      67%         3
 Frozen Ramparts          Ice            0%         1d1       67%         3
 Ignite Poison            Fire/Tmut/Pois 0%         N/A       67%         3
 Portal Projectile        Hex/Tloc       0%         N/A       67%         3
 Spider Form              Tmut/Pois      0%         N/A       67%         3
 Summon Guardian Golem    Hex/Summ       0%         N/A       67%         3
 Swiftness                Air            0%         N/A       67%         3
 Tukima's Dance           Hex            0%         N/A       67%         3
 Airstrike                Air            0%         2d(0-16)  97%         4
 Anguish                  Hex/Necr       0%         N/A       97%         4
 Corpse Rot               Necr/Pois/Air  0%         N/A       97%         4
 Dispel Undead            Necr           0%         3d6       97%         4
 Flame Wave               Conj/Fire      0%         2d4       97%         4
 Hailstorm                Conj/Ice       0%         3d3       97%         4
 Sticky Flame             Conj/Fire      0%         2d3       97%         4
 Blade Hands              Tmut           0%         N/A       100%        5
 Death Channel            Necr           0%         N/A       100%        6
 Summon Cactus Giant      Summ           0%         N/A       100%        6


Dungeon Overview and Level Annotations

Branches:
Dungeon (8/15)             Temple (1/1) D:5            Lair (3/5) D:8
  Snake (0/4) Lair:2        Sewer (visited)          Bailey (visited)
  Swamp: Lair:2-3    Shoals: Lair:2-3

Altars:
Ashenzari
Cheibriados
Dithmenos
Elyvilon
Fedhas
Gozag
Hepliaklqana
Kikubaaqudgha
Makhleb
Nemelex Xobeh
Okawaru
Qazlal
Ru
Sif Muna
Trog
Uskayaw
Xom
Yredelemnul
Zin
The Shining One

Annotations:
Lair:1 2 transporters, zorgos's ghost, journeyman MiFi


Innate Abilities, Weirdness & Mutations

You are too large for most types of armour.
You have claws for hands.
Your natural rate of healing is unusually fast.
You are covered in fur. (AC +1)
You have tough skin. (AC +1)


Message History

You burn the seven-headed hydra.
The seven-headed hydra is severely wounded.
The seven-headed hydra bites you but does no damage.
The seven-headed hydra bites you. The seven-headed hydra bites you!
The seven-headed hydra closely misses you.
The seven-headed hydra barely misses you.
The seven-headed hydra bites you but does no damage.
The seven-headed hydra misses you. The seven-headed hydra bites you!
The seven-headed hydra bites you but does no damage.
The seven-headed hydra bites you.
The seven-headed hydra bites you but does no damage.
The seven-headed hydra misses you.
The seven-headed hydra barely misses you.
The seven-headed hydra closely misses you.
You hit the seven-headed hydra. You burn the seven-headed hydra.
The seven-headed hydra is severely wounded.
The seven-headed hydra bites you!
The seven-headed hydra barely misses you.
The seven-headed hydra bites you but does no damage.
The seven-headed hydra misses you. The seven-headed hydra bites you!
The seven-headed hydra bites you but does no damage.
The seven-headed hydra bites you!
* * * LOW HITPOINT WARNING * * *
Unknown command.
You completely miss the seven-headed hydra.
The seven-headed hydra is severely wounded.
The seven-headed hydra bites you but does no damage.
The seven-headed hydra bites you!
* * * LOW HITPOINT WARNING * * *
The seven-headed hydra bites you!
* * * LOW HITPOINT WARNING * * *
The seven-headed hydra bites you but does no damage. x2
The seven-headed hydra bites you.
* * * LOW HITPOINT WARNING * * *
The seven-headed hydra bites you.
* * * LOW HITPOINT WARNING * * *
The seven-headed hydra bites you.
* * * LOW HITPOINT WARNING * * *
The seven-headed hydra bites you.
You die...

##....(............[...#♣..~..~
#......................#♣.♣♣.♣♣
##.....................#♣.♣...♣
#......................).).>..
#..........##.........#~.♣...♣
##.....................#~.♣♣.♣♣
#P)..#.........#.....#.#P≈...~~
##.......>.............##♣~...~
#.#.#..P#####@#P..P..######.##
#......<......D...............
#.###.....P..#.....P.#........
##.............................
#...P.P..#.##..P..#.P..#....##.
##............<................
#......####..................#
##.............................
#...........#..##.#....PP......


You could see a seven-headed hydra.

Vanquished Creatures
  3 hydras
  3 death yaks (D:8)
  Urug (Lair:2)
  An orc knight (Bailey)
  2 cane toads
  2 komodo dragons (Lair:1)
  A polar bear (Lair:1)
  Grinder (D:3)
  The ghost of aaaaaaaaaaaaaaaaaa the Cudgeller, an amateur TrCA of Ignis (D:5)
  15 yaks
  2 steam dragons (D:7)
  2 nagas (Lair:2)
  7 water moccasins
  An ice beast (D:6)
  2 sky beasts (D:7)
  10 orc warriors (Bailey)
  Pargi (Sewer)
  2 ogres (D:6)
  10 wolves
  2 centaurs (D:6)
  A phantom (D:5)
  A kobold brigand (D:7)
  2 scorpions (D:5)
  6 bullfrogs
  2 necrophages (D:5)
  3 killer bees (D:8)
  3 howler monkeys (D:7)
  A gnoll bouda (D:4)
  2 jellies
  An orc priest (D:5)
  Crazy Yiuf (D:5)
  9 hounds
  2 iguanas
  2 orc wizards (D:7)
  Ijyb (D:3)
  9 hell rats
  15 adders
  11 gnolls
  4 river rats
  2 shadow imps
  A white imp (D:8)
  An ufetubus (D:6)
  3 worms
  3 dart slugs
  21 orcs
  4 ball pythons
  10 bats
  9 endoplasms
  4 giant cockroaches
  10 goblins
  8 hobgoblins
  2 jackals (D:2)
  6 quokkas
  5 frilled lizards
  9 kobolds
  13 rats
256 creatures vanquished.

Vanquished Creatures (collateral kills)
  4 orc warriors (Bailey)
  5 orcs (Bailey)
9 creatures vanquished.

Vanquished Creatures (others)
  An orc warrior (Bailey)
  A goblin (D:7)
  7 fungi
  81 plants
90 creatures vanquished.

Grand Total: 355 creatures vanquished

Notes
Turn   | Place    | Note
-------+----------+-------------------------------------------
     0 | D:1      | Gabide the Troll Monk began the quest for the Orb.
     0 | D:1      | Reached XP level 1. HP: 22/22 MP: 0/0
    77 | D:1      | Found a faded altar of an unknown god.
   186 | D:1      | Reached XP level 2. HP: 29/29 MP: 1/1
   572 | D:1      | Reached XP level 3. HP: 36/36 MP: 2/2
   720 | D:2      | Reached XP level 4. HP: 45/45 MP: 3/3
  1379 | D:3      | Identified a scroll of acquirement
  1379 | D:3      | Acquired the ring "Simeh" {Drain rPois rC+ Str+6 Int+3}
  1670 | D:3      | Noticed Ijyb
  1671 | D:3      | Paralysed by Ijyb for 2 turns
  1679 | D:3      | Killed Ijyb
  1684 | D:3      | Reached XP level 5. HP: 50/53 MP: 4/4
  1717 | D:3      | Found a glowing drain.
  1734 | Sewer    | Entered a sewer
  1819 | Sewer    | Noticed Pargi
  1831 | Sewer    | Killed Pargi
  1832 | Sewer    | Reached XP level 6. HP: 55/62 MP: 5/5
  1985 | D:3      | Noticed Grinder
  1989 | D:3      | Paralysed by Grinder for 2 turns
  1999 | D:3      | Killed Grinder
  2000 | D:3      | Reached skill level 5 in Unarmed Combat
  2656 | D:4      | Reached XP level 7. HP: 60/71 MP: 6/6
  3082 | D:4      | Reached skill level 5 in Fighting
  3175 | D:5      | Entered Level 5 of the Dungeon
  3194 | D:5      | Acquired an amulet of regeneration
  3257 | D:5      | Found a runed translucent door.
  3266 | D:5      | Noticed aaaaaaaaaaaaaaaaaa's ghost (amateur TrCA)
  3295 | D:5      | Reached XP level 8. HP: 77/81 MP: 7/7
  3303 | D:5      | Killed aaaaaaaaaaaaaaaaaa's ghost
  3575 | D:5      | Found a staircase to the Ecumenical Temple.
  3584 | Temple   | Entered the Ecumenical Temple
  3629 | Temple   | Became a worshipper of Sif Muna the Loreminder
  3629 | Temple   | Reached * piety under Sif Muna
  3629 | Temple   | Reached ** piety under Sif Muna
  3891 | D:5      | Found a runed translucent door.
  3892 | D:5      | Noticed Crazy Yiuf
  4258 | D:5      | Killed Crazy Yiuf
  4425 | D:6      | Identified the +0 leather armour of Decompression {rF+ rN+
                  | Int+6 Dex-2}
  4634 | D:6      | Reached skill level 5 in Dodging
  4634 | D:6      | Reached XP level 9. HP: 92/92 MP: 8/8
  4883 | D:7      | Found a flagged portal.
  4916 | Bailey   | Entered a bailey
  5746 | Bailey   | Reached skill level 10 in Unarmed Combat
  5746 | Bailey   | Reached XP level 10. HP: 110/110 MP: 9/9
  5747 | Bailey   | Noticed an orc knight
  5764 | Bailey   | Killed an orc knight
  5898 | D:7      | Reached *** piety under Sif Muna
  5899 | D:7      | Reached XP level 11. HP: 113/117 MP: 10/10
  5954 | D:7      | Reached skill level 10 in Fighting
  6642 | D:7      | Found a white marble altar of Elyvilon.
  6646 | D:7      | Found a blossoming altar of Fedhas.
  6649 | D:7      | Found a hide-covered altar of Uskayaw.
  6835 | D:8      | Noticed a death yak
  6837 | D:8      | Found a staircase to the Lair.
  6837 | D:8      | Noticed a death yak
  6837 | D:8      | Noticed a death yak
  6847 | D:8      | Killed a death yak
  6858 | D:8      | Killed a death yak
  6868 | D:8      | Killed a death yak
  6932 | Lair:1   | Entered Level 1 of the Lair of Beasts
  6982 | Lair:1   | Found a transporter.
  7040 | Lair:1   | Noticed a six-headed hydra
  7042 | Lair:1   | Killed a six-headed hydra
  7042 | Lair:1   | Reached **** piety under Sif Muna
  7282 | Lair:1   | Noticed zorgos's ghost (journeyman MiFi)
  7288 | Lair:1   | Noticed a catoblepas
  7289 | Lair:1   | Noticed a death yak
  7301 | Lair:1   | Found a transporter.
  7729 | Lair:2   | Noticed a seven-headed hydra
  7739 | Lair:2   | Killed a six-headed hydra
  7812 | Lair:2   | Reached XP level 12. HP: 132/132 MP: 11/11
  7906 | Lair:2   | Reached skill level 1 in Invocations
  7977 | Lair:2   | Noticed Urug
  7983 | Lair:2   | Paralysed by Urug for 3 turns
  7991 | Lair:2   | Killed Urug
  8091 | Lair:2   | Found a staircase to the Snake Pit.
  8252 | Lair:2   | Noticed a six-headed hydra
  8258 | Lair:2   | Killed a seven-headed hydra
  8466 | Lair:3   | Noticed a seven-headed hydra
  8476 | Lair:2   | HP: 5/130 [seven-headed hydra (3)]
  8476 | Lair:2   | Slain by a seven-headed hydra

Illustrated notes

Levels and vault maps discovered:
D:1:      zaba_arrival_water, layout_loops_ring,
          hellmonk_ecumenical_altar_lost_god
D:2:      layout_basic, minmay_misc_feat_cross
D:3:      layout_basic, gup_sewer_entry_bubbles, serial_rivers,
          chequers_serial_rivers_micro_c, chequers_serial_rivers_room_a,
          chequers_serial_rivers_micro_e, chequers_serial_rivers_large_a,
          chequers_serial_rivers_room_a, supply_closet_lemuel, uniq_grinder,
          uniq_ijyb
D:4:      layout_basic, dreamdust_wishing_well
D:5:      layout_loops_ring, minmay_temple_entry_mist, ebering_ghost_sewer_d,
          uniq_crazy_yiuf_cottage
D:6:      layout_rooms
D:7:      layout_rooms, minitemple, serial_co_window_serial, co_window_paths_a,
          co_window_corner_a, co_window_of_opportunity_a, co_window_paths_a,
          co_window_paths_b, co_window_unsneaky_path_b, co_window_corner_b,
          co_window_unsneaky_path_b, co_window_of_opportunity_b,
          co_window_paths_c, co_window_cross_4, co_window_sun,
          co_window_4corner_b, glass_columns_a, glass_columns_a,
          glass_columns_b, enter_bailey_3
D:8:      layout_basic, vehumet_crystals, dpeg_lair_monsters, serial_bayou,
          serial_bayou_pond_a, serial_bayou_lagoon_a, serial_bayou_shore_b,
          serial_bayou_pond_c
Temple:   nicolae_temple_bog_church
Lair:1:   layout_roguey, gammafunk_ghost_berserking_beasts,
          dreamdust_mushroom_princess, lemuel_fruit_tree, grunt_megastairs_3
Lair:2:   layout_long_grid, guppyfry_snake_entry_garden, uniq_urug
Lair:3:   layout_long_grid, minmay_swamp_entry_reptiles,
          kennysheep_catoblepas_arena

Skill      XL: |  1  2  3  4  5  6  7  8  9 10 11 12 |
---------------+-------------------------------------+-----
Fighting       | 3 4 5 6 9 11 12 | 12.0
Unarmed Combat | 4 5 6 8 10 11 12 | 12.0
Dodging        | 3 4 5 7 8 |  8.0
Invocations    | 4 |  4.1
Stealth        | |  1.0

Action                   |  1- 3 |  4- 6 |  7- 9 | 10-12 || total
-------------------------+-------+-------+-------+-------++-------
Melee: Unarmed           |    83 |   158 |   261 |   280 ||   782
       Punch             |     1 |       |    13 |    21 ||    35
       War axe           |       |       |       |     6 ||     6
 Fire: Triple crossbow   |       |       |       |    63 ||    63
Throw: Dart              |       |       |     6 |     5 ||    11
       Throwing net      |       |       |     2 |     1 ||     3
Evoke: Wand              |       |     3 |       |     2 ||     5
  Use: Scroll            |       |     6 |    10 |     6 ||    22
       Potion            |       |       |     4 |       ||     4
 Stab: Sleeping          |     3 |     3 |     5 |       ||    11
Armor: Robe              |    32 |    69 |    81 |    23 ||   205
       Steam dragon scal |       |       |       |   105 ||   105
Dodge: Dodged            |    47 |    69 |   165 |   176 ||   457
